Map: Orbital Shipyard

Players

LiquidSnute (Snute)

  • Race: Zerg Zerg
  • League: Grandmaster

LiquidTLO (TLO) - Winner!

  • Race: Zerg Zerg
  • League: Grandmaster

Event: DreamHack ZOWIE Open Leipzig

VOD

https://www.youtube.com/watch?v=gQ8-MEozsUM

Description

Time

  • Played on: Jan. 22, 2016, 1:22 p.m.
  • Length: 17:45

All games in this series

Show
View Real Time Build Order
Export as new Build Order

LiquidSnute Zerg 

Build Orders: 3 Hatch before Pool, Zergling Baneling 

Get SALT Encoding   

  12  0:01  Drone  
  13  0:12  Overlord  
  13  0:17  Drone  
  14  0:30  Drone x2  
  14  0:34  Drone  
  17  0:51  Hatchery  
  17  0:55  Drone  
  17  0:57  Drone  
  18  1:17  Hatchery  
  17  1:31  Spawning Pool  
  17  1:32  Drone  
  17  1:36  Drone  
  17  1:39  Drone  
  19  1:43  Extractor  
  19  1:44  Drone  
  19  1:56  Drone  
  20  2:04  Drone  
  20  2:05  Drone  
  22  2:16  Drone  
  22  2:17  Drone, Queen  
  22  2:20  Queen  
  28  2:28  Queen  
  30  2:34  Overlord  
  30  2:37  Drone  
  30  2:39  Drone  
  32  2:44  Metabolic Boost  
  32  2:47  Drone  
  32  2:49  Drone  
  34  2:53  Drone  
  34  2:54  Drone  
  34  2:56  Zergling x2  
  37  3:03  Baneling Nest, Drone  
  37  3:08  Overlord  
  37  3:10  Zergling x2  
  38  3:13  Zergling x4  
  38  3:17  Overlord  
  40  3:22  Zergling x4  
  42  3:31  Zergling x6  
  42  3:33  Zergling x6  
  48  3:40  Drone x4  
  52  3:42  Drone  
  52  3:48  Overlord  
  53  3:50  Baneling x2  
  53  3:55  Drone x3  
  56  4:00  Drone x2  
  56  4:01  Overlord  
  58  4:06  Extractor  
  58  4:09  Drone x3, Zergling x2  
  61  4:16  Baneling x2  
  60  4:18  Baneling  
  60  4:19  Baneling x2  
  60  4:24  Zergling x12  
  60  4:27  Drone x3  
  63  4:31  Drone  
  63  4:32  Drone x2  
  63  4:34  Drone  
  66  4:39  Drone x2  
  66  4:43  Drone  
  66  4:45  Baneling x3  
  67  4:46  Baneling  
  67  4:47  Drone  
  67  4:49  Drone  
  67  4:51  Extractor  
  66  4:53  Extractor  
  66  4:59  Drone x3  
  67  5:02  Drone  
  67  5:04  Extractor  
  67  5:05  Extractor  
  66  5:07  Queen  
  66  5:08  Lair  
  66  5:09  Drone x2  
  66  5:13  Roach Warren  
  69  5:15  Drone  
  69  5:18  Baneling x2  
  69  5:20  Drone x5  
  74  5:25  Overlord x2  
  74  5:29  Evolution Chamber  
  74  5:34  Overlord  
  73  5:46  Zergling x8  
  77  5:55  Zerg Missile Weapons Level 1  
  77  5:56  Drone x3  
  80  5:57  Drone x4  
  80  5:58  Drone  
  85  6:07  Roach x6  
  85  6:11  Spire  
  95  6:14  Overseer  
  95  6:16  Hatchery  
  96  6:18  Roach x2  
  96  6:19  Overlord x2  
  96  6:20  Overlord  
  98  6:37  Overlord x3  
  98  6:50  Spore Crawler x2  
  98  6:53  Zergling x32  
  110  7:00  Queen x3, Extractor  
  114  7:02  Extractor  
  114  7:06  Spore Crawler  
  95  7:23  Mutalisk  
  95  7:24  Mutalisk x8  
  95  7:29  Mutalisk x3  
  113  7:32  Mutalisk  
  113  7:35  Mutalisk  
  117  7:39  Mutalisk x2  
  121  7:46  Mutalisk  
  123  7:57  Drone x6  
  123  7:58  Drone x2  
  131  8:01  Mutalisk  
  131  8:03  Mutalisk  
  135  8:15  Spore Crawler  
  135  8:16  Spore Crawler  
  135  8:18  Mutalisk  
  135  8:21  Mutalisk x2  
  135  8:26  Spore Crawler  
  135  8:27  Spore Crawler x2, Spine Crawler, Mutalisk x2  
  131  8:32  Mutalisk  
  132  8:37  Overlord x2  
  132  8:41  Mutalisk  
  132  8:48  Mutalisk  
  136  8:50  Overlord  
  136  8:51  Overlord  
  128  8:55  Mutalisk  
  128  8:56  Mutalisk x2  
  128  8:58  Zergling x2  
  128  8:59  Zergling x8  
  139  9:04  Mutalisk  
  139  9:08  Mutalisk  
  143  9:16  Zergling x18  
  152  9:24  Zerg Flyer Weapons Level 1  
  152  9:28  Mutalisk x3  
  158  9:32  Mutalisk  
  160  9:44  Spore Crawler  
  147  10:03  Mutalisk x5  
  147  10:04  Mutalisk x2  
  129  10:07  Zergling x18  
  129  10:12  Mutalisk x2  
  137  10:23  Mutalisk x2  
  137  10:27  Zergling x12  
  146  10:29  Zergling x2  
  146  10:32  Drone  
  148  10:41  Zergling x10  
  148  10:42  Zergling x2  
  154  10:53  Zergling x10  
  159  10:59  Overlord x2  
  159  11:11  Zergling x4  
  123  11:49  Mutalisk x11  
  123  11:50  Mutalisk x5  
  155  11:57  Baneling x3  
  155  11:58  Baneling x2  
  155  11:59  Baneling  
  155  12:00  Baneling x3  
  155  12:08  Zergling x12  
  159  12:28  Zergling x28  
  167  12:31  Hatchery  
  164  12:42  Mutalisk x4  
  166  12:46  Overseer  
  162  12:52  Mutalisk x4  
  170  13:01  Mutalisk x2  
  157  13:26  Mutalisk x7  
  124  13:34  Mutalisk  
  124  13:36  Drone x3  
  124  13:37  Drone x2  
  123  13:43  Zerg Flyer Weapons Level 2  
  113  13:50  Drone x3  
  113  13:51  Drone x2  
  115  13:58  Mutalisk  
  115  13:59  Mutalisk  
  117  14:11  Mutalisk  
  117  14:14  Zergling x8  
  116  14:52  Hatchery  
  108  15:29  Hatchery  
  107  15:56  Mutalisk  
  107  15:57  Mutalisk x4  
  117  16:14  Mutalisk x2  
  121  16:31  Mutalisk  
  109  16:59  Mutalisk  
  109  17:00  Mutalisk  
  76  17:11  Mutalisk  
  76  17:13  Zergling x10  
  78  17:22  Zergling x2  
  78  17:25  Zergling x2  
Show
View Real Time Build Order
Export as new Build Order

LiquidTLO Zerg - Winner!

Build Orders: Hatch First, Muta Ling Bane 

Get SALT Encoding   

  12  0:00  Drone  
  13  0:12  Overlord  
  13  0:16  Drone  
  14  0:31  Drone x2  
  14  0:35  Drone  
  17  0:51  Hatchery  
  17  0:55  Drone  
  17  0:58  Drone  
  17  1:02  Extractor  
  17  1:15  Spawning Pool  
  17  1:17  Drone  
  17  1:20  Drone  
  18  1:29  Drone  
  19  1:38  Overlord  
  19  1:51  Drone  
  20  2:00  Drone  
  21  2:01  Queen  
  21  2:04  Queen  
  21  2:05  Evolution Chamber  
  21  2:07  Drone  
  25  2:14  Drone x2  
  27  2:22  Drone  
  28  2:28  Drone  
  29  2:32  Drone, Zerg Melee Weapons Level 1  
  29  2:35  Drone  
  31  2:43  Overlord  
  31  2:46  Metabolic Boost  
  31  2:47  Drone  
  32  2:54  Drone  
  32  2:57  Drone  
  34  3:03  Hatchery  
  33  3:05  Drone  
  33  3:09  Drone  
  33  3:10  Drone  
  36  3:13  Zergling x2  
  36  3:14  Zergling x2  
  36  3:16  Drone  
  36  3:18  Drone  
  40  3:20  Zergling x2  
  40  3:25  Queen  
  43  3:29  Overlord  
  43  3:31  Drone  
  44  3:35  Zergling x2, Extractor  
  44  3:43  Overlord  
  44  3:48  Lair  
  44  3:49  Drone  
  44  3:50  Drone x3  
  44  3:52  Zergling x2  
  49  3:56  Zergling x4  
  49  3:59  Zergling x2  
  49  4:01  Overlord  
  52  4:06  Zergling x2  
  53  4:10  Zergling x2  
  53  4:12  Baneling Nest  
  53  4:13  Zergling x2  
  53  4:14  Zergling x2  
  53  4:15  Zergling x2  
  54  4:17  Zergling x2  
  54  4:20  Zergling x4  
  54  4:21  Zergling x2  
  54  4:23  Zergling x2  
  57  4:25  Zergling x2  
  57  4:26  Zergling x2  
  57  4:30  Zergling x2  
  56  4:38  Drone  
  56  4:41  Drone x2  
  56  4:43  Drone x3  
  61  4:47  Drone  
  61  4:50  Spire  
  61  4:51  Drone, Extractor  
  58  4:53  Drone  
  58  4:58  Drone  
  58  4:59  Drone  
  60  5:04  Drone  
  60  5:11  Drone  
  60  5:12  Drone  
  60  5:13  Drone, Extractor  
  62  5:16  Drone  
  62  5:17  Drone  
  62  5:18  Drone  
  62  5:20  Drone  
  65  5:23  Drone  
  65  5:25  Drone  
  65  5:34  Drone x2  
  68  5:35  Drone  
  68  5:41  Overlord  
  69  5:42  Drone  
  69  5:43  Drone  
  69  5:45  Extractor  
  69  5:46  Drone x4  
  69  5:47  Extractor  
  69  5:49  Drone  
  73  5:53  Overlord  
  73  5:54  Hatchery  
  73  5:57  Overlord  
  72  6:05  Mutalisk x2  
  72  6:07  Mutalisk  
  72  6:08  Mutalisk  
  80  6:11  Overlord  
  80  6:12  Mutalisk x2  
  80  6:13  Mutalisk x2  
  80  6:17  Drone x2, Overlord  
  90  6:19  Overlord  
  90  6:21  Zerg Flyer Weapons Level 1  
  90  6:23  Drone  
  90  6:25  Overlord  
  91  6:26  Evolution Chamber  
  91  6:27  Overlord  
  91  6:29  Overlord, Baneling  
  90  6:35  Zergling x2  
  90  6:37  Zergling x2  
  90  6:38  Zergling x2  
  93  6:42  Drone  
  93  6:43  Zerg Melee Weapons Level 2  
  93  6:44  Infestation Pit  
  93  6:45  Zergling x4  
  95  6:47  Zergling x4  
  95  6:48  Drone x2  
  95  6:49  Drone x2  
  101  6:57  Mutalisk  
  101  6:58  Mutalisk x2  
  101  7:00  Overlord  
  107  7:03  Drone  
  107  7:07  Drone  
  109  7:11  Zerg Ground Armor Level 1  
  109  7:17  Drone x2  
  109  7:20  Drone  
  109  7:22  Zergling x2  
  112  7:23  Zergling x2  
  112  7:26  Drone x2  
  112  7:27  Drone  
  112  7:29  Hive, Overlord  
  116  7:32  Zergling x2  
  116  7:34  Overlord  
  116  7:35  Overlord  
  117  7:37  Pathogen Glands  
  117  7:38  Overlord  
  117  7:41  Centrifical Hooks  
  117  7:43  Drone  
  118  7:47  Drone  
  118  7:48  Mutalisk  
  118  7:49  Mutalisk  
  123  7:54  Drone  
  123  7:55  Zergling x6  
  123  7:56  Zergling x2  
  123  7:57  Zergling x2  
  126  8:03  Drone  
  126  8:04  Drone x2  
  128  8:07  Extractor  
  128  8:09  Extractor  
  128  8:10  Infestor x2  
  128  8:12  Zergling x4  
  132  8:13  Zergling x2  
  132  8:15  Drone x2  
  134  8:20  Zergling x4  
  134  8:21  Zergling x4  
  134  8:22  Overlord  
  134  8:23  Mutalisk, Zergling x6  
  138  8:35  Spore Crawler, Zergling x4  
  138  8:36  Spore Crawler  
  138  8:37  Spore Crawler  
  138  8:40  Viper x2  
  142  8:41  Drone x2  
  142  8:42  Queen x2  
  142  8:43  Drone x2  
  142  8:44  Drone x2  
  142  8:47  Spore Crawler x2  
  150  8:49  Queen  
  150  8:50  Spore Crawler, Queen  
  150  8:53  Drone x3  
  150  8:54  Drone x2  
  156  8:58  Drone x2  
  156  9:01  Mutalisk  
  160  9:03  Zerg Flyer Armor Level 1  
  160  9:09  Mutalisk x2  
  158  9:11  Mutalisk  
  158  9:16  Mutalisk  
  165  9:17  Queen  
  165  9:20  Mutalisk  
  165  9:21  Overlord  
  168  9:25  Overlord  
  168  9:26  Zergling x2  
  168  9:29  Overlord  
  169  9:33  Zergling x2  
  169  9:35  Ultralisk Cavern  
  168  9:38  Overlord x2  
  168  9:39  Overlord x2  
  168  9:41  Zergling x2  
  167  9:50  Mutalisk x2  
  167  9:51  Mutalisk x2  
  175  9:58  Zergling x2  
  175  9:59  Zergling x2  
  173  10:00  Zergling x2  
  173  10:01  Mutalisk x2, Zergling x4  
  173  10:03  Mutalisk  
  153  10:08  Mutalisk  
  153  10:09  Queen x3  
  153  10:11  Zergling x4  
  153  10:14  Zergling x4  
  157  10:17  Viper  
  157  10:19  Zergling x4  
  157  10:20  Zergling x2  
  157  10:21  Zergling x2  
  159  10:24  Zergling x6  
  159  10:26  Zergling x4  
  159  10:27  Spore Crawler  
  151  10:28  Spore Crawler  
  151  10:33  Chitinous Plating  
  151  10:34  Queen  
  151  10:41  Drone x2  
  153  10:44  Mutalisk x3, Queen  
  153  10:45  Mutalisk, Queen, Zergling x2  
  153  10:46  Queen  
  168  10:54  Spine Crawler  
  168  10:56  Spine Crawler  
  160  10:57  Spine Crawler  
  160  11:00  Ultralisk  
  164  11:08  Ultralisk  
  164  11:10  Queen  
  162  11:19  Ultralisk  
  162  11:20  Queen x2  
  162  11:22  Queen  
  172  11:29  Ultralisk  
  168  11:41  Ultralisk  
  168  11:44  Zergling x2  
  168  11:45  Queen, Zergling x4  
  168  11:46  Zergling x4  
  179  11:52  Nydus Network  
  178  11:55  Zergling x22  
  178  11:56  Queen x2  
  178  11:58  Queen  
  178  12:00  Spine Crawler  
  194  12:02  Zergling x2  
  195  12:13  Zerg Ground Armor Level 2  
  195  12:15  Zergling x6  
  197  12:16  Zergling x2  
  197  12:17  Zergling x2  
  197  12:36  Nydus Canal  
  194  12:41  Ultralisk x2  
  194  12:42  Zergling x2  
  199  12:46  Queen  
  199  12:50  Zergling x10  
  199  13:00  Ultralisk  
  199  13:05  Ultralisk  
  191  13:26  Zergling x4  
  175  13:27  Zergling x2  
  175  13:28  Zergling x6  
  175  13:30  Zergling x10  
  175  13:32  Zergling x2  
  160  13:34  Zergling x2  
  157  13:44  Viper  
  157  13:45  Viper  
  152  13:49  Viper  
  152  13:55  Viper x2  
  143  13:58  Viper  
  152  14:03  Zergling x2  
  152  14:04  Overlord  
  147  14:12  Viper, Queen  
  147  14:14  Zergling x2  
  147  14:15  Zergling x2  
  147  14:17  Zergling x2  
  154  14:18  Zergling x2  
  154  14:19  Zergling x2  
  154  14:23  Queen  
  157  14:29  Zerg Missile Weapons Level 1  
  157  14:30  Evolution Chamber, Mutalisk x2  
  156  14:39  Mutalisk  
  154  14:48  Infestor x3  
  154  14:51  Spore Crawler  
  154  14:52  Spore Crawler, Zergling x2  
  153  14:53  Zergling x2  
  153  14:59  Zergling x4  
  156  15:00  Zergling x2  
  156  15:05  Nydus Canal  
  155  15:08  Burrow  
  150  15:17  Zergling x2  
  150  15:18  Zergling x4  
  151  15:23  Ultralisk  
  157  15:33  Ultralisk  
  157  15:34  Zergling x2  
  161  15:43  Queen  
  161  15:47  Zergling x2  
  161  15:48  Zergling x6  
  165  15:58  Mutalisk x3  
  165  16:00  Zergling x2  
  165  16:03  Zergling x2  
  173  16:11  Infestor x2  
  175  16:14  Queen  
  179  16:24  Nydus Canal  
  179  16:25  Infestor x2  
  183  16:36  Queen  
  185  16:45  Zergling x2  
  173  17:01  Zergling x4  
  151  17:02  Zergling x6  
  151  17:04  Zergling x4  
  151  17:05  Zergling x4  
  151  17:06  Zergling x6  
  151  17:07  Zergling x2  
  153  17:08  Zergling x4  
  153  17:09  Zergling x2  
  153  17:12  Zergling x2  
  153  17:14  Zergling x4  
  153  17:15  Zergling x6  
  161  17:16  Zergling x2  

Tags
 
Add a new tag
Caveats
  • Supply blocks, unpowered buildings, or Contaminate may cause inaccurate times.
  • Supply counts are checked every 10 seconds.